Unix NetHack Version 5.0.0-0 post-release - last build May  4 2026 22:22:43 (774f63e81ad911689b3a0859ea89b322d5daca8d,branch:main).

Game began 2026-05-06 09:00:07, ended 2026-05-06 09:13:03.

01246791210, lawful female dwarven Valkyrie

     ------           ----------------
     |....|          #...............|                        ------
     |....-###########|..............|                        |....|
     |....|           |..............|             ###########.....|
     |....|          #...............|                        |....|
     |....-#######   #-----------.----                        |....|
     |...{|      #####                                        |..>.|
     -.----        ### #                   ----------    #####.....|
      ###       ######@######              |.........#####    ------
                #     -+----+-------       |........|
        #       #     |.............#####  |........|
        ##   ## ######..........<..|  #%###-........|
       --.-- ####     |............|  #    ----------
       |...-###       |............-###
       |...| #        --------------
       |(...##
       -----

01246791210 the Skirmisher  St:18/02 Dx:13 Co:18 In:8 Wi:8 Ch:10  Lawful
Dlvl:3  $:23 HP:0(39) Pw:4(4) AC:6  Xp:3 T:1715  FoodPois Hungry  

Latest messages:
 This door is locked.
 This door is locked.
 This door is locked.
 This door is locked.
 This door is locked.
 This door is locked.
 This door is locked.
 This door is locked.
 The gnome zombie hits!
 You hear water falling on coins.
 You destroy the gnome zombie!
 This door is locked.
 This door is locked.
 In what direction? 4
 As you kick the door, it crashes open!
 The grid bug just misses!
 You miss the grid bug.
 The grid bug misses!
 You kill the grid bug!
 You kill the grid bug!
 The door opens.
 Your floating eye corpse rots away.
 In what direction? 2
 Ouch!  That hurts!
 Your movements are slowed slightly because of your load.
 Your leg feels better.
 Your movements are now unencumbered.
 You are beginning to feel hungry.
 What do you want to eat? [st or ?*] s
 Ulch - that meat was tainted!
 You feel deathly sick.
 (It must have died too long ago to be safe to eat.)
 What do you want to eat? [t or ?*] t
 Ulch - that meat was tainted!
 You feel even worse.
 (It must have died too long ago to be safe to eat.)
 You don't have anything to eat.
 The bat bites!
 Your sickness feels worse.
 You kill the bat!
 You see here 6 darts.
 Your sickness is severe.
 u - 6 darts.
 You are at Death's door.
 You die from your illness.
 Do you want your possessions identified? [ynq] (y) n
 Do you want to see your attributes? [ynq] (y) n
 Do you want an account of creatures vanquished? [ynaq] (y) n
 Do you want to see your conduct and achievements? [ynq] (y) n
 Do you want to see the dungeon overview? [ynq] (y) n

Inventory:
 Coins    ('$')
  $ - 23 gold pieces
 Amulets  ('"')
  m - an uncursed amulet of guarding
 Weapons  (')')
  u - 6 +0 darts
  b - a +0 dagger (alternate weapon; not wielded)
  a - a +1 dwarvish spear (weapon in right hand)
 Armor    ('[')
  c - an uncursed +3 small shield (being worn)
 Scrolls  ('?')
  g - an uncursed scroll of enchant weapon
  l - an uncursed scroll of identify
 Potions  ('!')
  f - a blessed potion of healing
 Tools    ('(')
  i - an uncursed locked chest containing 2 items
  h - an uncursed leash
  n - a cursed leash
 Gems/Stones  ('*')
  o - a cursed worthless piece of yellow glass
 Boulders/Statues  ('`')
  k - an empty uncursed statue of a gecko

Contents of the chest:
  an uncursed scroll of destroy armor
  an uncursed potion of healing

01246791210 the Valkyrie's attributes:

Background:
 You were a Skirmisher, a level 3 dwarven Valkyrie.
 You were lawful, nominally on a mission for Tyr
 who was opposed by Odin (neutral) and Loki (chaotic).
 You were right-handed.
 You were in the Dungeons of Doom, on level 3.
 You entered the dungeon 1715 turns ago.
 You had 69 experience points, 11 more were needed to attain level 4.

Basics:
 You had 0 out of 39 hit points.
 You had all 4 energy points (spell power).
 Your armor class was 6.
 Your wallet contained 23 zorkmids.
 Autopickup was off.

Final Characteristics:
 Your strength was 18/02 (limit:18/100).
 Your dexterity was 13 (limit:20).
 Your constitution was 18 (limit:20).
 Your intelligence was 8 (limit:16).
 Your wisdom was 8 (limit:16).
 Your charisma was 10 (limit:16).

Final Status:
 You died from food poisoning.
 You were hungry.
 You were unencumbered.
 You were wielding a spear.
 You had basic skill with spear.

Final Attributes:
 You were devoutly aligned.
 You were cold resistant.
 You had infravision.
 You were stealthy.
 You are dead.

Miscellaneous:
 You didn't encounter any bones levels.
 Total elapsed playing time was 12 minutes and 51 seconds.

Major events:
 Turn
    1: 01246791210 the lawful dwarven Valkyrie entered the dungeon
 1306: attained the rank of Skirmisher (level 3)
 1715: poisoned by a rotted newt corpse

You didn't know any spells.

Skills:
 Fighting Skills
   bare handed combat [Unskilled]
   two weapon combat  [Unskilled]
   riding             [Unskilled]
 Weapon Skills
   dagger             [Basic]
   axe                [Unskilled]
   pick-axe           [Unskilled]
   short sword        [Unskilled]
   broadsword         [Unskilled]
   long sword         [Unskilled]
   two-handed sword   [Unskilled]
   saber              [Unskilled]
   hammer             [Unskilled]
   quarterstaff       [Unskilled]
   polearms           [Unskilled]
   spear              [Basic]
   trident            [Unskilled]
   lance              [Unskilled]
   sling              [Unskilled]
 Spellcasting Skills
   attack spells      [Unskilled]
   escape spells      [Unskilled]

Voluntary challenges:
 Character rerolling was not enabled.
 You were an atheist.
 You were illiterate.
 You never genocided any monsters.
 You never polymorphed an object.
 You never changed form.
 You used no wishes.
Achievement:
 You attained the rank of Skirmisher.

 The Dungeons of Doom: levels 1 to 3
    Level 1:
       A fountain.
    Level 2:
       Many altars, some fountains.
    Level 3: <- You were here.
       A fountain.
       Final resting place for
          you, poisoned by a rotted newt corpse.


Vanquished creatures:
  a floating eye
  a kitten
  a yellow mold
  2 gnome zombies
  a gecko
  5 jackals
  a kobold
  2 sewer rats
  4 grid bugs
  a bat
  3 lichens
  3 kobold zombies
 11 newts
36 creatures vanquished.

No species were genocided or became extinct.

Game over:
                       ----------
                      /          \
                     /    REST    \
                    /      IN      \
                   /     PEACE      \
                  /                  \
                  |   01246791210    |
                  |      23 Au       |
                  |  poisoned by a   |
                  |   rotted newt    |
                  |      corpse      |
                  |                  |
                  |       2026       |
                 *|     *  *  *      | *
        _________)/\\_//(\/(/\)/\//\/|_)_______

Farvel 01246791210 the Valkyrie...

You were poisoned in The Dungeons of Doom on dungeon level 3 with 397 points,
and 23 pieces of gold, after 1715 moves.
You were level 3 with a maximum of 39 hit points when you were poisoned.

